[Event "Israeli Championship 2022"]
[Site "Yosiah Arad"]
[Date "2022.12.05"]
[Round "1.1"]
[White "Nabaty, Tamir"]
[Black "Levin, Guy"]
[Result "1-0"]
[ECO "A05"]
[WhiteElo "2629"]
[BlackElo "2382"]
[Annotator "TA"]
[PlyCount "81"]
[EventDate "2022.12.05"]
[EventType "swiss"]
[EventCountry "ISR"]
[SourceTitle "playchess.com"]
[Source "ChessBase"]
[SourceQuality "1"]
[TimeControl "40/5400+30:1800+30"]

1. Nf3 Nf6 2. g3 b5 3. e3 a6 4. a4 b4 5. Bg2 Bb7 {[%emt 0:00:07] [#]} 6. c4 $146 {[%emt 0:00:49] A05: Réti Opening: 1 Nf3 Nf6.} ({Predecessor:} 6. O-O a5 7. d4 e6 8. c4 d6 9. b3 Nbd7 10. Bb2 Be7 11. Nbd2 O-O 12. Qc2 {0-1 (25) Tologontegin,S (2372)-Bartel,M (2617) Chess.com INT 2022}) 6... bxc3 7. bxc3 e6 8. d4 {[%emt 0:01:31] The position is equal.} c5 9. Ba3 cxd4 10. Bxf8 Kxf8 11. cxd4 g5 12. O-O Bxf3 (12... g4 $14) 13. Qxf3 $16 (13. Bxf3 d5 $14) 13... d5 14. Nd2 Nc6 15. e4 ({Better is} 15. Rac1 $16 Nb4 16. e4) 15... Nxd4 $14 16. Qe3 dxe4 17. Nxe4 Ng4 ({Black should try} 17... Nxe4 18. Qxe4 Ra7) 18. Qd2 $16 {[%emt 0:08:53] Strongly threatening Rad1.} ({Don't play} 18. Qxg5 Qxg5 19. Nxg5 Rd8 $14) 18... Rc8 19. Rad1 ({But not} 19. Qxg5 $6 Qxg5 20. Nxg5 Kg7 $11) ({Reject} 19. Nxg5 $6 Rc2 20. Qb4+ Kg7 $11) 19... e5 20. h3 Nh6 21. Nxg5 Kg7 22. Qe3 Re8 23. Nf3 (23. g4 {keeps more tension.} Rc3 24. Qd2 Rc2 25. Qxc2 Nxc2 26. Rxd8 Rxd8 27. Rc1) 23... Nhf5 24. Qe4 Nxf3+ (24... Qd6 $14) 25. Qxf3 (25. Bxf3 {with more complications.} Nd4 26. Qg4+ Kh8 27. Be4) 25... Qf6 26. Qg4+ Kh8 (26... Qg6 $14) 27. Rd7 Rcd8 {[%emt 0:02:04] [#]} 28. Rxd8 {[%emt 0:01:40] White has more active pieces.} Rxd8 29. Be4 Nd6 30. Bd3 Rg8 31. Qe2 $40 {[%emt 0:03:02][%mdl 128] White goes for the king.} a5 32. Rd1 e4 $1 33. Bc2 Qe5 34. Kh2 Rb8 {[%emt 0:02:49] [#]} ({Black should play} 34... Re8 $14) 35. Qd2 $1 Rb2 (35... Rc8 $16) 36. Qh6 $1 $18 Qe7 {[%emt 0:00:40] Against Qf8+} 37. Rd2 (37. Rxd6 $18 {[%cal Oc2e4] aiming for Bxe4!} Rxc2 38. Ra6) 37... f5 {[%emt 0:02:08][%mdl 8192] Black cannot hold the game after this.} (37... f6 $16) 38. Rxd6 {[%emt 0:00:21][%cal Od6d7] White threatens Rd7! and mate.} Rxc2 {[%emt 0:00:02] [#]} 39. Rd7 $3 {[%emt 0:00:22][%mdl 512] White mates.} Rxf2+ (39... Rc6 40. Qxc6) 40. Kg1 Qxd7 41. Qf8# {[%emt 0:30:06] Weighted Error Value: White=0.09 (flawless) /Black=0.28 (precise)} 1-0

[Event "Israeli Championship 2022"]
[Site "Yosiah Arad"]
[Date "2022.12.05"]
[Round "1.2"]
[White "Aizenberg, Benny"]
[Black "Postny, Evgeny"]
[Result "0-1"]
[ECO "B11"]
[WhiteElo "2375"]
[BlackElo "2588"]
[Annotator "TA"]
[PlyCount "100"]
[EventDate "2022.12.05"]
[EventType "swiss"]
[EventCountry "ISR"]
[SourceTitle "playchess.com"]
[Source "ChessBase"]
[SourceQuality "1"]
[TimeControl "40/5400+30:1800+30"]

1. e4 c6 2. Nf3 d5 3. Nc3 dxe4 4. Nxe4 Nf6 5. Qe2 Nxe4 6. Qxe4 Qa5 {[%emt 0:00:06] B11: Caro-Kann: Two Knights Variation.} 7. b4 Qf5 8. Qe3 Qe6 {[%emt 0:00:43] White is slightly better.} 9. Be2 Qxe3 10. fxe3 Bf5 11. d3 e6 {[%emt 0:03:29] [#]} 12. a3 $146 ({Predecessor:} 12. Bd2 Na6 13. a3 Nc7 14. O-O Be7 15. Bc3 Rg8 16. Be5 O-O-O 17. h3 f6 18. Bb2 {1-0 (56) Zelbel,P (2448)-Svane,R (2613) Magdeburg 2020}) 12... Be7 13. O-O Nd7 14. Rb1 a6 15. Bd2 O-O 16. Nd4 Bg6 17. Nb3 Rfc8 18. Na5 b6 19. Nc4 Ra7 20. Rfc1 Rac7 21. d4 b5 22. Na5 e5 23. Bg4 (23. Bd3 $15) 23... f5 (23... Bg5 $17 {...exd4 is the strong threat.} 24. Nb3 Rd8 25. Bxd7 Rcxd7) 24. Bf3 $15 Bf6 25. c3 Bf7 26. Rf1 g6 27. Be1 Bd5 28. Bg3 Re8 29. Rbe1 Bxf3 30. Rxf3 Rcc8 31. Rd1 Bg5 {[%emt 0:04:32] Threatens to win with ...e4.} 32. dxe5 {[%emt 0:02:01] Black continues to play with concentration.} (32. Re1 $1 $15) 32... Nxe5 $17 33. Bxe5 Rxe5 34. Rd3 c5 35. Kf2 c4 36. Rd6 (36. Rd2 $142) 36... Rce8 $19 37. Rxa6 (37. Nc6 $142 Bxe3+ 38. Kf1) 37... Bxe3+ (37... Rxe3 38. Rxe3 Rxe3 39. Rb6 $15) 38. Kg3 f4+ 39. Kg4 h5+ 40. Kh4 Kg7 {[%emt 0:00:36] [#] Strongly threatening ...g5+.} 41. g3 Bd2 (41... g5+ 42. Kxh5 Rh8+ 43. Kg4 $11) 42. a4 (42. gxf4 $142 Bxf4 43. Rxf4 (43. Ra7+ $2 Kh6 $19) 43... g5+ 44. Kg3 gxf4+ 45. Kxf4) 42... Re2 (42... bxa4 43. Nxc4 (43. gxf4 $2 Bxf4 44. Rxf4 g5+ 45. Kxh5 Rh8+ 46. Kg4 Rh4+ 47. Kg3 Rxf4 $19) 43... Rd5 44. Nxd2 (44. gxf4 Bxf4 45. Rxf4 g5+ 46. Kg3 gxf4+ 47. Kxf4 Rd3 $17) (44. Rxa4 Re2 $15) 44... Rxd2 45. gxf4 $11) 43. gxf4 Rxh2+ {[%emt 0:00:21] Black mates.} 44. Kg3 Ree2 45. Rf1 h4+ 46. Kg4 Re3 47. Rg1 h3 (47... Bxc3 48. axb5 h3 49. Kg5 $15 (49. Nxc4 $2 Rg2+ 50. Rxg2 hxg2 $19)) 48. Kg5 Rg2+ ({Stronger than} 48... Bxc3 49. axb5 (49. Rxg6+ Kf7 $17) 49... Rf2 50. Rxg6+ Kf7 51. Nxc4 $17) 49. Rxg2 Re5+ ({Inferior is} 49... hxg2 50. Rxg6+ Kf8 51. Kf5 $17) 50. Kh4 hxg2 {[%emt 0:00:08] Weighted Error Value: White=0.42/Black=0.05 (flawless)} 0-1

[Event "Israeli Championship 2022"]
[Site "Yosiah Arad"]
[Date "2022.12.05"]
[Round "1.3"]
[White "Kobo, Ori"]
[Black "Iliaguev, Nisim"]
[Result "1/2-1/2"]
[ECO "D77"]
[WhiteElo "2554"]
[BlackElo "2364"]
[Annotator "TA"]
[PlyCount "128"]
[EventDate "2022.12.05"]
[EventType "swiss"]
[EventCountry "ISR"]
[SourceTitle "playchess.com"]
[Source "ChessBase"]
[SourceQuality "1"]
[TimeControl "40/5400+30:1800+30"]

1. Nf3 d5 2. g3 Nf6 3. Bg2 g6 4. c4 Bg7 5. d4 dxc4 6. O-O O-O 7. Na3 c3 8. bxc3 c5 9. Ne5 (9. dxc5 Ne4 $11) (9. Re1 $14) 9... Na6 {[%emt 0:08:18] [#] D77: Fianchetto Grünfeld: 6 0-0: Replies other than 6...c6.} (9... Nc6 $11) 10. Rb1 $146 ({Predecessor:} 10. e3 Nd5 11. Bb2 Nb6 12. f4 Rb8 13. Qe2 Na4 14. Rad1 Nxb2 15. Qxb2 cxd4 16. cxd4 Be6 17. Rc1 {0-1 (63) Voinov,A (2421)-Smirnov,P (2613) Tomsk 2006}) 10... Nd5 11. Bd2 (11. Bb2 {simplifies} Bxe5 12. dxe5 Be6 13. Qc1) 11... Nb6 {[%emt 0:11:02] White is slightly better.} 12. Nb5 Nc7 13. Nxc7 Qxc7 14. Bf4 cxd4 15. cxd4 {[%emt 0:05:06][%cal Oe5g6] [#] aiming for Nxg6!} (15. Nxg6 e5 16. Nxf8 exf4 17. cxd4 fxg3 $11) 15... Qd8 16. a4 Nd5 {[%emt 0:04:50] Against a5} 17. Bd2 $36 {[%emt 0:00:40][%mdl 2048] Inhibits Nc3. White is on the roll.} a5 18. Qb3 Nb4 19. Bxb4 axb4 20. Qxb4 Bxe5 21. dxe5 Qc7 22. f4 (22. Bxb7 Rb8 23. Rfc1 Qxb7 24. Qxb7 Bxb7 $17) 22... Qc2 23. Rb2 ({Don't do} 23. Bxb7 Rxa4 24. Qb3 (24. Qxe7 Qxe2 25. Rfe1 Qc4 $16) 24... Qc5+ 25. Kg2 Bxb7+ 26. Qxb7 Ra2 $14) (23. Bf3 $142) 23... Qxa4 $16 24. Qxa4 (24. Bxb7 $2 {perishes.} Qa7+ 25. Qb6 Bxb7 $19) 24... Rxa4 25. Rc1 b5 26. Rc7 b4 27. Bd5 ({Of course not} 27. Rxe7 Be6 $11) 27... e6 28. Bc6 {[%emt 0:05:33] White has more active pieces.} Ra1+ 29. Kf2 Rc1 30. Rxb4 Bd7 {[%emt 0:00:38][%mdl 64] [#]} 31. Rxd7 Rxc6 {[%emt 0:00:01][%mdl 4096] Endgame KRR-KRR} 32. g4 Rc5 33. Rbb7 Ra5 34. h4 Ra4 35. Kf3 Ra1 {[%emt 0:00:21] Against Rd1} 36. Kg2 Re1 37. Rd2 Rc8 38. h5 gxh5 39. gxh5 Kg7 {[%emt 0:00:32] Against h6+} 40. f5 exf5 41. e6 Kf6 42. Kf2 (42. exf7 {is more complex.} Kg5 43. Kf2 Ra1 44. Rd5) 42... Ra1 43. exf7 Ra6 {[%emt 0:07:46] Inhibits Rd6+.} 44. f8=N (44. Rb5 {is interesting.} Re6 45. Rc2 Rd8 46. Rd5) 44... Rxf8 {[%emt 0:00:09] The position is equal.} 45. Rxh7 Kg5 {[%emt 0:01:08] Inhibits Rh6.} 46. Rd1 {[%emt 0:00:27] Rg1+ is the strong threat.} Ra4 47. Rd6 Rf4+ 48. Ke1 Rh4 49. Rg6+ Kf4 50. Rg2 Ra8 51. Kf2 Ra3 52. h6 {[%emt 0:00:35] Strongly threatening Re7.} Re3 {[%emt 0:00:47] Prevents Re7.} 53. Kf1 (53. Rf7 {simplifies} Rxh6 54. Rxf5+ Kxf5 55. Kxe3 Re6+ 56. Kf3) 53... Rh1+ 54. Kf2 Rh4 55. Ke1 (55. Rf7 {simplifies} Rxh6 56. Rxf5+ Kxf5 57. Kxe3 Re6+ 58. Kf3) 55... Re6 56. Rf2+ Ke4 57. Rb7 {[%emt 0:00:31] And now Rb4+ would win.} Rh1+ 58. Kd2 Rd6+ 59. Kc2 Rc6+ (59... Ke3 {seems wilder.} 60. Rf3+ Kxe2 61. Rbb3 Rd2+) 60. Kb2 {[%emt 0:00:22] Threatens to win with Re7+.} Rhxh6 61. Rb4+ Ke3 62. Rxf5 Kxe2 63. Re5+ Kf3 64. Rf5+ Ke2 {[%emt 0:00:01] Weighted Error Value: White=0.08 (flawless) /Black=0.08 (flawless)} 1/2-1/2

[Event "Israeli Championship 2022"]
[Site "Yosiah Arad"]
[Date "2022.12.05"]
[Round "1.4"]
[White "Yaniv, Yuval"]
[Black "Boruchovsky, Avital"]
[Result "1/2-1/2"]
[ECO "B52"]
[WhiteElo "2343"]
[BlackElo "2552"]
[Annotator "TA"]
[PlyCount "42"]
[EventDate "2022.12.05"]
[EventType "swiss"]
[EventCountry "ISR"]
[SourceTitle "playchess.com"]
[Source "ChessBase"]
[SourceQuality "1"]
[TimeControl "40/5400+30:1800+30"]

1. e4 c5 2. Nf3 d6 3. Bb5+ Bd7 4. Bxd7+ Nxd7 5. O-O Ngf6 6. Qe2 e6 7. d4 cxd4 8. Nxd4 a6 9. c4 Be7 10. b3 O-O 11. Nc3 Rc8 12. Bb2 Qa5 13. Kh1 {[%emt 0:04:13] B52: Sicilian: Moscow Variation with 3...Bd7.} Rfe8 14. f4 Qh5 {[%emt 0:06:25] [#]} 15. Qe1 $146 {[%emt 0:05:33] White is slightly better.} ({Predecessor:} 15. Nf3 Bd8 16. Rad1 Bc7 17. e5 dxe5 18. g4 Nxg4 19. Rxd7 e4 20. Ng5 e3 21. Rxf7 {1-0 (35) Khubukshanov,E (2373)-Colev,I (2004) Tornelo INT 2021}) 15... Bd8 16. Rd1 Ba5 $1 ({Much less strong is} 16... Ng4 17. Nf3 $14) 17. Rd3 Nc5 {[%emt 0:12:56] Inhibits f5.} ({But not} 17... Ng4 18. Rh3 Qg6 19. Rg3 $16) ({Don't do} 17... Bxc3 18. Bxc3 Qc5 19. Bb4 $14) 18. Rh3 Qg4 19. Rg3 Qh5 20. Rh3 Qg4 {[%emt 0:00:05][%cal Oc5e4] And now ...Ncxe4! would win.} 21. Rg3 Qh5 {[%emt 0:00:23] Weighted Error Value: White=0.06 (flawless) /Black=0.01 (flawless)} 1/2-1/2

[Event "Israeli Championship 2022"]
[Site "Yosiah Arad"]
[Date "2022.12.05"]
[Round "1.5"]
[White "Mikhalevski, Victor"]
[Black "Kochavi, Ori"]
[Result "1/2-1/2"]
[ECO "A25"]
[WhiteElo "2517"]
[BlackElo "2326"]
[Annotator "TA"]
[PlyCount "44"]
[EventDate "2022.12.05"]
[EventType "swiss"]
[EventCountry "ISR"]
[SourceTitle "playchess.com"]
[Source "ChessBase"]
[SourceQuality "1"]
[TimeControl "40/5400+30:1800+30"]

1. c4 e5 2. g3 Nf6 3. Bg2 Nc6 4. Nc3 Bb4 5. Nd5 O-O {[%emt 0:01:25] The position is equal.} 6. Nxb4 {[%emt 0:01:50] A25: English Opening vs King's Indian with ...Nc6 but without early d3.} Nxb4 7. d4 {[%emt 0:00:43] 7.a3 is a critical line.} exd4 8. a3 $1 Nc6 9. Nf3 d5 10. Nxd4 dxc4 11. Nxc6 Qxd1+ 12. Kxd1 {[%emt 0:00:05] [#] aiming for Ne7+.} bxc6 {[%emt 0:00:02] [#]} 13. Bxc6 $146 ({Predecessor:} 13. Be3 Rd8+ 14. Kc1 Nd5 15. Bc5 Bg4 16. f3 Bh5 17. e4 Nb6 18. g4 Bg6 19. Bf1 {1-0 (62) Giesemann,S-Thomae,E (1839) GER email 2010}) 13... Rb8 14. f3 Be6 15. Ba4 Nd7 16. Bc2 Nc5 17. Ke1 Nb3 18. Bxb3 Rxb3 ({Resist} 18... cxb3 19. Be3 $16) 19. Kf2 Rd8 20. g4 a6 21. h4 h6 22. Rg1 Kf8 {[%emt 0:05:53] An interesting draw.   Weighted Error Value: White=0.04 (flawless) /Black=0.02 (flawless)} 1/2-1/2

[Event "Israeli Championship 2022"]
[Site "Yosiah Arad"]
[Date "2022.12.05"]
[Round "1.6"]
[White "Kupervaser, Erez"]
[Black "Erenberg, Ariel"]
[Result "1/2-1/2"]
[ECO "C45"]
[WhiteElo "2331"]
[BlackElo "2514"]
[Annotator "TA"]
[PlyCount "105"]
[EventDate "2022.12.05"]
[EventType "swiss"]
[EventCountry "ISR"]
[SourceTitle "playchess.com"]
[Source "ChessBase"]
[SourceQuality "1"]
[TimeControl "40/5400+30:1800+30"]

1. e4 e5 2. Nf3 Nc6 3. d4 exd4 4. Nxd4 Qf6 5. Be3 Bc5 6. c3 Nge7 7. Bc4 O-O 8. O-O b6 9. Qd2 {[%emt 0:11:18] C45: Scotch Game.} Qg6 10. Nxc6 Nxc6 {[%emt 0:01:47] [#]} 11. Bd5 $146 (11. Bxc5 $11 {keeps the balance.} bxc5 12. Na3) ({Predecessor:} 11. Bxc5 bxc5 12. Na3 Rb8 13. f3 d6 14. Rae1 Ne5 15. Be2 f5 16. Nc4 Nf7 17. Bd3 fxe4 18. Bxe4 {1-0 (45) Asis Gargatagli,H (2515)-Cuenca Jimenez,J (2506) Linares 2018}) 11... Ba6 $1 $17 12. Re1 {[%emt 0:14:04] [#]} Ne5 $1 13. Kh1 {[%emt 0:01:11] Threatens to win with Bxc5.} (13. Qd1 Rab8) 13... c6 14. Bxc5 bxc5 15. Bb3 Rab8 {[%emt 0:01:03] Against c4. And now ...Nd3 would win.} 16. c4 Nxc4 17. Qc3 d5 {[%emt 0:08:11] White must now prevent ...d4.} (17... Qf6 $5 18. Qxf6 gxf6 19. Bxc4 Bxc4 $15) 18. Bxc4 Bxc4 19. b3 Ba6 20. exd5 cxd5 21. Qxc5 Rbc8 22. Qxa7 Qf6 23. Nd2 Rc2 24. Nf3 Bd3 25. Rac1 Rb2 $1 26. Qe3 (26. Re5 $1 $14) 26... Be4 $11 27. Re2 Bxf3 28. gxf3 d4 29. Qd3 Rxe2 30. Qxe2 {[%emt 0:00:01][%mdl 4096] Endgame KQR-KQR} g6 31. Qe4 Rd8 $1 32. Rd1 Qd6 {[%emt 0:00:07] [#]} (32... Qa6 $1 $11) 33. Rd3 $1 $16 Qc5 34. Kg2 h5 35. h4 Qb4 {[%emt 0:04:00] [#]} (35... g5 $16) 36. a4 (36. Qe5 $1 $18) 36... Qc5 37. a5 Qxa5 (37... Qd6 $16 38. Qe1 Rb8) 38. Rxd4 $18 {[%emt 0:00:03] aiming for b4.} Rb8 39. Rd7 $2 ({White should try} 39. b4 $18 Qb5 40. Qe7) 39... Qb5 40. Qf4 Rf8 41. Qa4 {[%emt 0:30:31] White is more active.} Qf5 (41... Qxa4 $1 $14 42. bxa4 Ra8) 42. Ra7 (42. Qd4 $142) 42... Qd5 43. Qc4 {[%emt 0:00:00] Inhibits Rc8.} (43. b4 $16) 43... Qxc4 $11 44. bxc4 {[%emt 0:00:00] KR-KR} Rc8 {[%emt 0:00:00] Inhibits c5.} 45. Ra4 Kg7 46. Kg3 f6 47. Kf4 Rc5 {[%emt 0:00:00] The position is equal.} 48. Ke4 g5 49. hxg5 fxg5 50. Ra7+ Kg6 51. Ra6+ Kf7 52. Ra7+ Kf6 53. Ra6+ {[%emt 0:06:55] Weighted Error Value: White=0.24 (precise) /Black=0.20 (precise)} 1/2-1/2

[Event "Israeli Championship 2022"]
[Site "Yosiah Arad"]
[Date "2022.12.05"]
[Round "1.7"]
[White "Gorodetzky, David"]
[Black "Shachar, Ehud"]
[Result "1-0"]
[ECO "C02"]
[WhiteElo "2495"]
[BlackElo "2319"]
[Annotator "TA"]
[PlyCount "121"]
[EventDate "2022.12.05"]
[EventType "swiss"]
[EventCountry "ISR"]
[SourceTitle "playchess.com"]
[Source "ChessBase"]
[SourceQuality "1"]
[TimeControl "40/5400+30:1800+30"]

1. e4 e6 2. d4 d5 3. e5 c5 4. c3 Nc6 5. Nf3 Nge7 6. Bd3 cxd4 7. cxd4 Nf5 8. Bxf5 exf5 9. Nc3 Be6 10. h4 h6 11. Be3 {[%emt 0:10:37] C02: French: Advance Variation.} Rc8 12. Rc1 Be7 {[%emt 0:03:23] [#]} 13. h5 $146 {[%emt 0:11:03] The position is equal.} ({Predecessor:} 13. g3 Kd7 14. Kf1 Kc7 15. Kg2 Kb8 16. Qd2 Na5 17. b3 b6 18. Ne1 Rg8 19. h5 {1-0 (32) Stanciu,A (2310)-Navrotescu,C (2335) Predeal 1988}) 13... Na5 14. b3 Nc6 (14... f4 $5 15. Bd2 (15. Bxf4 Ba3 $15) 15... Nc6 $11) 15. Ne2 Ba3 16. Rc2 Nb4 17. Rxc8 Qxc8 18. O-O Qc2 19. Bc1 Qxd1 20. Rxd1 Bxc1 21. Rxc1 Kd7 {[%emt 0:00:34] Inhibits Rc7+.} 22. a3 Nc6 23. Rc3 Rc8 24. Kf1 Na5 25. Rxc8 Kxc8 $14 {[%emt 0:00:09][%mdl 4096] Endgame KBN-KNN} 26. Nd2 Nc6 27. f3 Kd7 28. Kf2 b6 29. Ke3 Ne7 30. Nb1 a6 31. Nbc3 Kc7 32. Nf4 Kd7 33. g3 Kc6 34. b4 Kd7 35. a4 Kc7 ({Black should try} 35... a5) 36. Kd3 {[%emt 0:01:11] White has more active pieces.} (36. a5 $142 $1) 36... Kd7 37. a5 bxa5 38. bxa5 Kc7 $2 (38... g6 $16) 39. Na4 $2 (39. Nxe6+ $1 $18 fxe6 40. Na4) 39... Bd7 $16 40. Nc5 Bb5+ 41. Kc3 g5 (41... Bc4 $16) 42. Nfd3 $18 Nc6 43. f4 $1 gxf4 44. Nxf4 {[%emt 0:00:00] Pair of Knights!} Bc4 45. Ng2 Be2 46. Ne3 (46. Nh4 $1 $18) 46... Ne7 $16 47. Kd2 Bb5 (47... Bxh5 $16 48. Nxa6+ Kb7) 48. Nc2 $2 (48. Ke1 $18 {and the rest is easy.}) 48... Nc6 {[%emt 0:00:38] [#]} 49. Ke3 $1 Nxa5 {[%emt 0:01:55] [#]} 50. Nb4 Bc4 51. Nbxa6+ Kb6 $2 (51... Bxa6 $16 52. Nxa6+ Kd7) 52. Nb8 $18 Kc7 53. Nbd7 {[%emt 0:00:17] Black must now prevent Nf6.} Nc6 54. Nf6 {[%emt 0:00:09] Hoping for Ng8.} Ne7 {[%emt 0:00:17] Against Ng8} (54... Nb4 55. Ng8 Nc2+ 56. Kf2 Nxd4 57. Nxh6 f4) 55. Ne8+ {[%emt 0:00:04] White is clearly winning.} Kc6 56. Nd6 Ng8 57. Nxf7 Ba2 58. Kf4 Bb1 59. Ne6 Kd7 60. Ng7 Ke7 61. Nd6 {[%emt 0:00:06] Weighted Error Value: White=0.19 (very precise) /Black=0.44} ({Not} 61. Nxf5+ Kxf7 62. Nd6+ Ke6 $15) 1-0

[Event "Israeli Championship 2022"]
[Site "Yosiah Arad"]
[Date "2022.12.05"]
[Round "1.8"]
[White "Streltsov, Alexey"]
[Black "Zanan, Evgeny"]
[Result "0-1"]
[ECO "C47"]
[WhiteElo "2313"]
[BlackElo "2485"]
[Annotator "TA"]
[PlyCount "78"]
[EventDate "2022.12.05"]
[EventType "swiss"]
[EventCountry "ISR"]
[SourceTitle "playchess.com"]
[Source "ChessBase"]
[SourceQuality "1"]
[TimeControl "40/5400+30:1800+30"]

1. e4 e5 2. Nf3 Nc6 3. Nc3 Nf6 4. d4 exd4 5. Nxd4 Bb4 6. Nxc6 bxc6 7. Bd3 d5 8. exd5 O-O 9. O-O cxd5 10. Bg5 c6 11. Qf3 Be7 {[%emt 0:01:14] 11...h6 is a critical line.} 12. Rae1 Rb8 13. Nd1 Be6 {[%emt 0:10:17] C47: Scotch Four Knights and Four Knights with 4 g3.} 14. b3 h6 15. Bf4 Bd6 {[%emt 0:01:46] [#] The position is equal.} 16. Ne3 $146 ({Predecessor:} 16. Bxd6 Qxd6 17. Ne3 Qa3 18. Nf5 Bxf5 19. Qxf5 Rbe8 20. Qf4 Qa5 21. Rxe8 Rxe8 22. Qd4 {0-1 (51) Alias Franco,R (2210)-Garbisu de Goni,U (2430) Euskadi 1999}) 16... c5 17. Bg3 Bxg3 18. fxg3 a5 19. Kh1 Qd6 20. Qd1 Nd7 21. Qh5 (21. Bc4 $5) 21... a4 22. Nf5 Bxf5 23. Rxf5 Nf6 24. Qf3 Rfe8 25. Rf1 Re6 26. g4 Rbe8 (26... Qc7 {simplifies} 27. Qf4 Rc8 28. Qxc7 Rxc7 29. R5f4 axb3 30. axb3 d4) 27. g5 (27. Qf4 $11) 27... hxg5 $1 $17 28. Rxg5 Re1 29. Rf5 {[%emt 0:03:59] [#]} R8e3 (29... Rxf1+ $1 $19 30. Bxf1 Re1) 30. Rxe1 $4 (30. Qf2 $17) 30... Rxe1+ $19 31. Bf1 a3 {[%emt 0:00:00] Threatens to win with ...Rc1.} 32. Qc3 $2 {[%emt 0:02:00] [#]} (32. Rf4) 32... Ng4 $1 33. g3 {[%emt 0:00:01] [#]} (33. Qh3 Ne3) 33... Qh6 $1 34. h4 Qe3 35. Qa5 Qe4+ 36. Kg1 Qe3+ (36... Qxf5 $2 {too greedy.} 37. Qxe1 Qxc2 38. Qe8+ Kh7 39. Qe2 $19) 37. Kh1 $1 {[%emt 0:00:05] [#]} Qxg3 (37... Rxf1+ $142 $1 38. Rxf1 Qe2 39. Qd8+ Kh7 40. Rf2 Qxf2 41. Qg8+ Kxg8 42. h5 Qh2#) 38. Qa8+ Kh7 39. Rh5+ Nh6 {[%emt 0:00:07] Weighted Error Value: White=1.04/Black=0.38} 0-1

[Event "Israeli Championship 2022"]
[Site "Yosiah Arad"]
[Date "2022.12.05"]
[Round "1.9"]
[White "Parkhov, Yair"]
[Black "Shohat, Yotam"]
[Result "1-0"]
[ECO "E73"]
[WhiteElo "2470"]
[BlackElo "2294"]
[Annotator "TA"]
[PlyCount "83"]
[EventDate "2022.12.05"]
[EventType "swiss"]
[EventCountry "ISR"]
[SourceTitle "playchess.com"]
[Source "ChessBase"]
[SourceQuality "1"]
[TimeControl "40/5400+30:1800+30"]

1. d4 Nf6 2. c4 g6 3. Nc3 Bg7 4. e4 O-O 5. Be2 d6 6. Be3 Nc6 7. d5 Ne5 {[%emt 0:00:04] E73: King's Indian: Averbakh Variation without 6...c5.} 8. f4 {[%emt 0:00:09] Prevents c6.} Neg4 9. Bd2 Nh6 {[%emt 0:00:05] White is slightly better.} 10. Nf3 {[%emt 0:00:14] 10.h3 might become the main line.} c6 11. a4 cxd5 12. cxd5 e6 13. dxe6 fxe6 {[%emt 0:04:44] [#]} 14. Qb3 $146 ({Predecessor:} 14. Ng5 Nf7 15. Nxf7 Rxf7 16. Be3 Qe7 17. O-O Bd7 18. Qd3 Bc6 19. b4 Nh5 20. Bxh5 gxh5 {½-½ (49) Khanin,S (2510)-Theodorou,N (2561) Dulles 2022}) 14... d5 {[%emt 0:07:39] [#]} 15. e5 $1 {[%emt 0:03:43] Against d4} Nd7 16. O-O (16. Ng5 {is more complex.} Qe7 17. Nb5 Nc5 18. Qh3) 16... Nf5 17. a5 Nb8 18. Nb5 Nc6 19. g4 {[%emt 0:01:22] Inhibits a6.} Nh6 20. h3 Nf7 {[%emt 0:08:44][%cal Og6g5] Prevents Nd6.} 21. g5 Bd7 22. h4 a6 (22... Qe7 $142) 23. Nbd4 $16 Nxd4 24. Nxd4 Nd6 25. Bb4 {[%emt 0:12:24] White has more active pieces.} (25. Qh3 $142) 25... Nf5 26. Nxf5 Rxf5 27. Bg4 Rf7 28. Qh3 Bf8 (28... Rc8 $14) 29. Bxf8 Qxf8 30. Bxe6 Qc5+ 31. Rf2 Bxe6 32. Qxe6 Raf8 33. Raf1 Kh8 34. Qb6 Qc4 35. Qe3 Kg8 36. h5 (36. Kg2 $142) 36... gxh5 37. e6 Rg7 {[%emt 0:00:36][%mdl 8192] Black cannot hold the game after this.} (37... Rf5 $14) 38. f5 $18 {[%emt 0:07:56] [#] And now f6 would win.} ({Weaker is} 38. e7 Re8 $15) 38... d4 {[%emt 0:00:03] Against f6} 39. Qg3 h6 40. g6 {[%emt 0:00:24] Black must now prevent f6.} Rf6 41. Qe5 Rf8 42. Rg2 {[%emt 0:00:59] Weighted Error Value: White=0.16 (very precise) /Black=0.41} (42. e7 $142 Qc8 43. exf8=Q+ Qxf8 44. Rg2 Re7 45. Qd5+ Kg7 46. f6+ Qxf6 47. Rxf6) 1-0